TOP OF THE 1ST |
Cedar Rapids Kernels batting - Pitching for West Michigan Whitecaps : RHP Dave Valdez
|
Pitching: RHP Dave Valdez
|
|
Batting: RHB David McDonald
|
0-0: Ball 1-0: Ground out 5-3 (Groundball, 56S, EV 86.9 MPH)
|
Batting: RHB Kevin Harris
|
0-0: Called Strike 0-1: Foul Ball, location: 2F 0-2: Foul Ball, location: 2F 0-2: Ball 1-2: Ball 2-2: Ball 3-2: Base on Balls
|
Batting: LHB Kuemon Shishido
|
0-0: Ball 1-0: Ground out 4-3 (Groundball, 34D, EV 107.5 MPH) Kevin Harris to second
|
Batting: LHB Shaun Price
|
0-0: Foul Ball, location: 2F 0-1: Called Strike 0-2: Strikes out swinging, 2-3 out at first.
|
Top of the 1st over - 0 runs, 0 hits, 0 errors, 1 left on base; Cedar Rapids 0 - West Michigan 0 |
BOTTOM OF THE 1ST |
West Michigan Whitecaps batting - Pitching for Cedar Rapids Kernels : RHP Felix Perez
|
Pitching: RHP Felix Perez
|
|
Batting: SHB Willie Medina
|
0-0: Called Strike 0-1: Ball 1-1: Ball 2-1: Foul Ball, location: 2F 2-2: Ball 3-2: Base on Balls
|
Batting: LHB George Moran
|
0-0: Ball Willie Medina is caught stealing 2nd base 2-6 1-0: Called Strike 1-1: Ground out U3 (Groundball, 34, EV 102.5 MPH)
|
Batting: LHB Dave Carlisle
|
0-0: Ball 1-0: Foul Ball, location: 2F 1-1: DOUBLE (Groundball, 3L, EV 108.8 MPH)
|
Batting: RHB Jon Goldstein
|
0-0: Ball 1-0: Swinging Strike 1-1: Called Strike 1-2: Strikes out swinging
|
Bottom of the 1st over - 0 runs, 1 hit, 0 errors, 1 left on base; Cedar Rapids 0 - West Michigan 0 |
TOP OF THE 2ND |
Cedar Rapids Kernels batting - Pitching for West Michigan Whitecaps : RHP Dave Valdez
|
Batting: LHB Marvin Shepherd
|
0-0: Called Strike 0-1: Foul Ball, location: 2F 0-2: Ball 1-2: Ground out 5-3 (Groundball, 56, EV 81.2 MPH)
|
Batting: RHB Nate Matson
|
0-0: Ball 1-0: Called Strike 1-1: Called Strike 1-2: Foul Ball, location: 2F 1-2: Strikes out swinging
|
Batting: RHB Chris Bejarano
|
0-0: Ground out 5-3 (Groundball, 56, EV 93.1 MPH)
|
Top of the 2nd over - 0 runs, 0 hits, 0 errors, 0 left on base; Cedar Rapids 0 - West Michigan 0 |
BOTTOM OF THE 2ND |
West Michigan Whitecaps batting - Pitching for Cedar Rapids Kernels : RHP Felix Perez
|
Batting: RHB German Quiroga
|
0-0: Called Strike 0-1: Ball 1-1: Swinging Strike 1-2: Ground out 5-3 (Groundball, 56, EV 85.6 MPH)
|
Batting: LHB Jon Pedlar
|
0-0: Ball 1-0: Called Strike 1-1: Ground out 3-1 (Groundball, 34S, EV 81.9 MPH)
|
Batting: RHB Scott Carr
|
0-0: Ball 1-0: Fly out, F3 (Line Drive, 3L, EV 73.1 MPH)
|
Bottom of the 2nd over - 0 runs, 0 hits, 0 errors, 0 left on base; Cedar Rapids 0 - West Michigan 0 |
TOP OF THE 3RD |
Cedar Rapids Kernels batting - Pitching for West Michigan Whitecaps : RHP Dave Valdez
|
Batting: LHB Hector Olvera
|
0-0: Called Strike 0-1: Foul Ball, location: 2F 0-2: Foul Ball, location: 2F 0-2: Ball 1-2: Ground out 4-3 (Groundball, 4, EV 81.2 MPH)
|
Batting: RHB Antonio Santos
|
0-0: Called Strike 0-1: Swinging Strike 0-2: Ball 1-2: Strikes out swinging
|
Batting: RHB David McDonald
|
0-0: Ball 1-0: Called Strike 1-1: Ball 2-1: Called Strike 2-2: Fly out, F9 (Flyball, 9, EV 90.0 MPH)
|
Top of the 3rd over - 0 runs, 0 hits, 0 errors, 0 left on base; Cedar Rapids 0 - West Michigan 0 |
BOTTOM OF THE 3RD |
West Michigan Whitecaps batting - Pitching for Cedar Rapids Kernels : RHP Felix Perez
|
Batting: LHB Steve Herrera
|
0-0: Swinging Strike 0-1: Ball 1-1: Swinging Strike 1-2: Strikes out swinging
|
Batting: RHB Yaremka Rzhevsky
|
0-0: Called Strike 0-1: Ball 1-1: Ball 2-1: Called Strike 2-2: Ball 3-2: Fly out, F8 (Flyball, 8RD, EV 105.0 MPH)
|
Batting: SHB Willie Medina
|
0-0: Ball 1-0: Ball 2-0: Ground out 5-3 (Groundball, 56, EV 82.5 MPH)
|
Bottom of the 3rd over - 0 runs, 0 hits, 0 errors, 0 left on base; Cedar Rapids 0 - West Michigan 0 |
TOP OF THE 4TH |
Cedar Rapids Kernels batting - Pitching for West Michigan Whitecaps : RHP Dave Valdez
|
Batting: RHB Kevin Harris
|
0-0: Swinging Strike 0-1: Swinging Strike 0-2: Ball 1-2: Ball 2-2: Fly out, F9 (Line Drive, 9S, EV 90.0 MPH)
|
Batting: LHB Kuemon Shishido
|
0-0: Foul Ball, location: 2F 0-1: Ball 1-1: Swinging Strike 1-2: Strikes out swinging
|
Batting: LHB Shaun Price
|
0-0: Called Strike 0-1: Ball 1-1: Called Strike 1-2: Hit by Pitch
|
Batting: LHB Marvin Shepherd
|
0-0: Called Strike 0-1: Foul Ball, location: 2F 0-2: Ball 1-2: Ball 2-2: Foul Ball, location: 2F 2-2: Ball 3-2: Foul Ball, location: 2F 3-2: Fly out, F7 (Flyball, 78S, EV 79.4 MPH)
|
Top of the 4th over - 0 runs, 0 hits, 0 errors, 1 left on base; Cedar Rapids 0 - West Michigan 0 |
BOTTOM OF THE 4TH |
West Michigan Whitecaps batting - Pitching for Cedar Rapids Kernels : RHP Felix Perez
|
Batting: LHB George Moran
|
0-0: Called Strike 0-1: Foul Ball, location: 2F 0-2: SINGLE (Line Drive, 56D, EV 94.4 MPH)
|
Batting: LHB Dave Carlisle
|
0-0: Called Strike 0-1: Foul Ball, location: 2F 0-2: Ball 1-2: Ball 2-2: Ball 3-2: Strikes out swinging George Moran steals 2nd base Batter strikes out.
|
Batting: RHB Jon Goldstein
|
0-0: Ball 1-0: Called Strike George Moran steals 3rd base (no throw) 1-1: Foul Ball, location: 2F 1-2: Foul Ball, location: 2F 1-2: Ball 2-2: Ball 3-2: Strikes out swinging
|
Batting: RHB German Quiroga
|
0-0: Ball 1-0: Ball 2-0: Called Strike 2-1: Called Strike 2-2: Strikes out swinging
|
Bottom of the 4th over - 0 runs, 1 hit, 0 errors, 1 left on base; Cedar Rapids 0 - West Michigan 0 |
TOP OF THE 5TH |
Cedar Rapids Kernels batting - Pitching for West Michigan Whitecaps : RHP Dave Valdez
|
Batting: RHB Nate Matson
|
0-0: Called Strike 0-1: Ball 1-1: Called Strike 1-2: Foul Ball, location: 2F 1-2: Fly out, F8 (Flyball, 8LM, EV 87.5 MPH)
|
Batting: RHB Chris Bejarano
|
0-0: Called Strike 0-1: SINGLE (Groundball, 4MS, EV 69.4 MPH) (infield hit)
|
Batting: LHB Hector Olvera
|
0-0: Called Strike 0-1: Foul Ball, location: 2F 0-2: Grounds into double play, 6-4-3 (Groundball, 6MD, EV 85.6 MPH)
|
Top of the 5th over - 0 runs, 1 hit, 0 errors, 0 left on base; Cedar Rapids 0 - West Michigan 0 |
BOTTOM OF THE 5TH |
West Michigan Whitecaps batting - Pitching for Cedar Rapids Kernels : RHP Felix Perez
|
Batting: LHB Jon Pedlar
|
0-0: Ball 1-0: Foul Ball, location: 2F 1-1: Foul Ball, location: 2F 1-2: Ball 2-2: Ball 3-2: Foul Ball, location: 2F 3-2: Ground out 4-3 (Groundball, 34D, EV 78.8 MPH)
|
Batting: RHB Scott Carr
|
0-0: Ball 1-0: SINGLE (Groundball, 25, EV 69.4 MPH) (infield hit)
|
Batting: LHB Steve Herrera
|
0-0: Ball 1-0: Grounds into double play, 5-4-3 (Groundball, 56S, EV 86.9 MPH)
|
Bottom of the 5th over - 0 runs, 1 hit, 0 errors, 0 left on base; Cedar Rapids 0 - West Michigan 0 |
TOP OF THE 6TH |
Cedar Rapids Kernels batting - Pitching for West Michigan Whitecaps : RHP Dave Valdez
|
Batting: RHB Antonio Santos
|
0-0: Ball 1-0: Foul Ball, location: 2F 1-1: Ball 2-1: Foul Ball, location: 2F 2-2: Ball 3-2: Foul Ball, location: 2F 3-2: Strikes out swinging
|
Batting: RHB David McDonald
|
0-0: Ball 1-0: Fly out, F8 (Flyball, 78D, EV 96.9 MPH)
|
Batting: RHB Kevin Harris
|
0-0: Ball 1-0: Ball 2-0: Called Strike 2-1: Swinging Strike 2-2: Foul Ball, location: 2F 2-2: Ground out 5-3 (Groundball, 56, EV 89.4 MPH)
|
Top of the 6th over - 0 runs, 0 hits, 0 errors, 0 left on base; Cedar Rapids 0 - West Michigan 0 |
BOTTOM OF THE 6TH |
West Michigan Whitecaps batting - Pitching for Cedar Rapids Kernels : RHP Felix Perez
|
Batting: RHB Yaremka Rzhevsky
|
0-0: Ball 1-0: Called Strike 1-1: Reached on error, E6 (Groundball, P, EV 78.8 MPH)
|
Batting: SHB Willie Medina
|
0-0: Ball 1-0: Fly out, F9 (Flyball, 89S, EV 76.9 MPH)
|
Batting: LHB George Moran
|
0-0: Called Strike 0-1: Called Strike 0-2: Foul Ball, location: 2F 0-2: Foul Ball, location: 2F 0-2: Fly out, F9 (Flyball, 9LS, EV 88.1 MPH)
|
Batting: LHB Dave Carlisle
|
0-0: Called Strike 0-1: Ball Yaremka Rzhevsky steals 2nd base 1-1: Ball 2-1: Ball 3-1: Base on Balls
|
Pitching: RHP Andrew Rich
|
|
Batting: RHB Jon Goldstein
|
0-0: SINGLE (Groundball, 56S, EV 66.2 MPH) (infield hit) Yaremka Rzhevsky to third Dave Carlisle to second
|
Batting: RHB German Quiroga
|
0-0: Swinging Strike 0-1: Ball 1-1: Foul Ball, location: 2F 1-2: Ball 2-2: Ball 3-2: SINGLE (Groundball, 56D, EV 101.9 MPH) Yaremka Rzhevsky scores Dave Carlisle to third Jon Goldstein to second Dave Carlisle scores Jon Goldstein to third
|
Batting: LHB Jon Pedlar
|
0-0: Swinging Strike 0-1: Called Strike 0-2: Ball 1-2: Strikes out swinging
|
Bottom of the 6th over - 2 runs, 2 hits, 1 error, 2 left on base; Cedar Rapids 0 - West Michigan 2 |
TOP OF THE 7TH |
Cedar Rapids Kernels batting - Pitching for West Michigan Whitecaps : RHP Dave Valdez
|
Batting: LHB Kuemon Shishido
|
0-0: Ball 1-0: Ground out 6-3 (Groundball, 6M, EV 103.1 MPH)
|
Batting: LHB Shaun Price
|
0-0: Called Strike 0-1: Called Strike 0-2: Strikes out swinging
|
Batting: LHB Marvin Shepherd
|
0-0: Ball 1-0: Foul Ball, location: 2F 1-1: Foul Ball, location: 2F 1-2: Ball 2-2: Ball 3-2: Foul Ball, location: 2F 3-2: SINGLE (Line Drive, 7S, EV 96.9 MPH)
|
Batting: RHB Nate Matson
|
0-0: Swinging Strike 0-1: Ball 1-1: SINGLE (Line Drive, 6MD, EV 97.5 MPH) Marvin Shepherd to second Runner from 2nd tries for 3rd, OUT! 8-5
|
Top of the 7th over - 0 runs, 2 hits, 0 errors, 1 left on base; Cedar Rapids 0 - West Michigan 2 |
BOTTOM OF THE 7TH |
West Michigan Whitecaps batting - Pitching for Cedar Rapids Kernels : RHP Andrew Rich
|
Batting: RHB Scott Carr
|
0-0: Foul Ball, location: 2F 0-1: Foul Ball, location: 2F 0-2: Ball 1-2: SINGLE (Line Drive, 6M, EV 97.5 MPH)
|
Batting: LHB Steve Herrera
|
0-0: Fly out, F8 (Line Drive, 8LM, EV 85.6 MPH)
|
Batting: RHB Yaremka Rzhevsky
|
0-0: Foul Ball, location: 2F 0-1: Grounds out, U3 (Groundball, 3L, EV 90.6 MPH)
|
Batting: SHB Willie Medina
|
0-0: Foul Ball, location: 2F 0-1: Ball 1-1: TRIPLE (Flyball, 89XD, EV 100.0 MPH) Scott Carr scores
|
Batting: LHB George Moran
|
0-0: SINGLE (Groundball, 4MD, EV 94.4 MPH) Willie Medina scores
|
Batting: LHB Dave Carlisle
|
0-0: Called Strike George Moran steals 2nd base 0-1: Foul Ball, location: 2F 0-2: Ball 1-2: Ball 2-2: Foul Ball, location: 2F 2-2: Foul Ball, location: 2F 2-2: SINGLE (Groundball, 34D, EV 95.0 MPH) George Moran to third Runner from 3rd tries for Home, SAFE, throw by RF to home
|
Pitching: RHP Andy Symons
|
|
Batting: RHB Jon Goldstein
|
0-0: Ball Dave Carlisle steals 2nd, throwing error, E2 Dave Carlisle to third 1-0: Called Strike 1-1: Ground out 6-3 (Groundball, 6, EV 101.9 MPH)
|
Bottom of the 7th over - 3 runs, 4 hits, 1 error, 1 left on base; Cedar Rapids 0 - West Michigan 5 |
TOP OF THE 8TH |
Cedar Rapids Kernels batting - Pitching for West Michigan Whitecaps : RHP Dave Valdez
|
Pitching: RHP T.J. McCullough
|
|
Batting: RHB Chris Bejarano
|
0-0: Ball 1-0: Foul Ball, location: 2F 1-1: Ball 2-1: Called Strike 2-2: Fly out, F6 (Popup, P, EV 86.2 MPH)
|
Batting: LHB Hector Olvera
|
0-0: Ball 1-0: Foul Ball, location: 2F 1-1: Ball 2-1: Ball 3-1: Ground out 6-3 (Groundball, 6MS, EV 80.0 MPH)
|
Batting: RHB Antonio Santos
|
0-0: Ball 1-0: Ball 2-0: Ground out 4-3 (Groundball, 4, EV 81.9 MPH)
|
Top of the 8th over - 0 runs, 0 hits, 0 errors, 0 left on base; Cedar Rapids 0 - West Michigan 5 |
BOTTOM OF THE 8TH |
West Michigan Whitecaps batting - Pitching for Cedar Rapids Kernels : RHP Andy Symons
|
Batting: RHB German Quiroga
|
0-0: TRIPLE (Flyball, 89XD, EV 92.5 MPH)
|
Batting: LHB Jon Pedlar
|
0-0: Called Strike 0-1: Ball 1-1: Ball 2-1: Fly out, F8 (Flyball, 78M, EV 83.8 MPH)
|
Batting: RHB Scott Carr
|
0-0: Swinging Strike 0-1: Swinging Strike 0-2: Strikes out swinging
|
Batting: LHB Steve Herrera
|
0-0: 2-RUN HOME RUN (Flyball, 7D, EV 97.5 MPH), Distance : 374 ft
|
Batting: RHB Yaremka Rzhevsky
|
0-0: Called Strike 0-1: Called Strike 0-2: Ball 1-2: Reached on error, E5 (Groundball, 5, EV 81.2 MPH)
|
Pinch Hitting: RHB Joe Zimmerman
|
0-0: Called Strike 0-1: Ball 1-1: Called Strike 1-2: Fly out, F8 (Flyball, 8RD, EV 99.4 MPH)
|
Bottom of the 8th over - 2 runs, 2 hits, 1 error, 1 left on base; Cedar Rapids 0 - West Michigan 7 |
TOP OF THE 9TH |
Cedar Rapids Kernels batting - Pitching for West Michigan Whitecaps : RHP T.J. McCullough
|
Now in LF: Joe Zimmerman
|
|
Now in CF: George Moran
|
|
Batting: RHB David McDonald
|
0-0: Swinging Strike 0-1: Ball 1-1: Foul Ball, location: 2F 1-2: Strikes out swinging
|
Batting: RHB Kevin Harris
|
0-0: Ball 1-0: Called Strike 1-1: Called Strike 1-2: DOUBLE (Line Drive, 89D, EV 113.1 MPH)
|
Batting: LHB Kuemon Shishido
|
0-0: Called Strike 0-1: Foul Ball, location: 2F 0-2: Ball 1-2: Strikes out swinging
|
Batting: LHB Shaun Price
|
0-0: Ball 1-0: Ball 2-0: Ground out 4-3 (Groundball, 34D, EV 96.2 MPH)
|
Top of the 9th over - 0 runs, 1 hit, 0 errors, 1 left on base; Cedar Rapids 0 - West Michigan 7 |
|